 Dungeon Crawl Stone Soup version 0.21.1-1-g345015f (webtiles) character file.

151 Kagorn the Skirmisher (level 5, -1/34 HPs)
             Began as a Gargoyle Berserker on June 11, 2018.
             Was a Believer of Trog.
             Slain by an ufetubus (3 damage)
             ... summoned by Eustachio
             ... on level 4 of the Dungeon.
             The game lasted 00:13:10 (2805 turns).

Kagorn the Skirmisher (Gargoyle Berserker)          Turns: 2805, Time: 00:13:10

Health: -1/34      AC:  9    Str: 20    XL:     5   Next: 33%
Magic:  5/5        EV: 10    Int:  8    God:    Trog [**....]
Gold:   166        SH:  3    Dex: 10    Spells: 4/4 levels left

rFire    . . .     SeeInvis .   a - +0 mace
rCold    . . .     Gourm    .   j - +0 buckler
rNeg     + . .     Faith    .   h - +0 ring mail
rPois    ∞         Spirit   .   (no helmet)
rElec    +         Reflect  .   i - scarf {repulsion}
rCorr    .         Harm     .   (no gloves)
MR       .....                  (no boots)
Stlth    +.........             (no amulet)
HPRegen  0.11/turn              (no ring)
MPRegen  0.09/turn              (no ring)

@: berserk cooldown, slowed, invisible, repel missiles, very slow
A: negative energy resistance 1, electricity resistance, unbreathing,
petrification resistance, rot immunity, AC +4
a: Berserk, Trog's Hand, Burn Spellbooks, Renounce Religion


You were on level 4 of the Dungeon.
You worshipped Trog.
Trog was pleased with you.
You were not hungry.

You visited 1 branch of the dungeon, and saw 4 of its levels.

You collected 166 gold pieces.

Inventory:

Hand Weapons
 a - a +0 mace (weapon)
Armour
 h - a +0 ring mail (worn)
 i - a scarf of repulsion (worn)
 j - a +0 buckler (worn)
Jewellery
 o - an uncursed ring of positive energy {unknown}
Scrolls
 b - a scroll of blinking {unknown}
 d - 2 scrolls of amnesia {unknown}
 e - 5 scrolls of remove curse {unknown}
 f - 4 scrolls of teleportation
 g - 5 scrolls of identify
 l - 2 scrolls of enchant armour {unknown}
 m - 2 scrolls of noise {unknown}
Potions
 k - a potion of cancellation {unknown}
 n - a potion of invisibility
 p - a potion of curing {unknown}
 q - 2 potions of agility {unknown}
 r - a potion of might {unknown}
Comestibles
 c - 2 rations


   Skills:
 * Level 4.4 Fighting
 * Level 3.9 Maces & Flails
 + Level 2.9 Armour
 + Level 2.0 Dodging
 + Level 1.7 Stealth
 + Level 1.3 Shields


You had 4 spell levels left.
You didn't know any spells.

Dungeon Overview and Level Annotations

Branches:
Dungeon (4/15)
 Temple: D:4-7

Altars:

Annotations:
D:4 Eustachio


Innate Abilities, Weirdness & Mutations

You are resistant to torment.
Your stone body is resilient. (AC +4)
You are immune to poison.
You resist negative energy. (rN+)
You are resistant to electric shocks. (rElec)
You can survive without breathing.
You are immune to petrification.
You are immune to rotting.


Message History

The ufetubus hits you but does no damage. x2
The river rat bites you!
* * * LOW HITPOINT WARNING * * *
You block the quokka's attack. Eustachio hits you with a falchion.
* * * LOW HITPOINT WARNING * * *
The quokka closely misses you.
The shadow imp picks up a beetle and eats it.
The shadow imp barely misses you.
The ufetubus hits you but does no damage.
The ufetubus barely misses you. The river rat barely misses you.
It was a potion of invisibility.
You fade into invisibility!
You block the ufetubus's attack. The ufetubus barely misses you.
The quokka bites you but does no damage.
The quokka misses you. Eustachio hits you with a falchion.
* * * LOW HITPOINT WARNING * * *
The shadow imp hits you.
* * * LOW HITPOINT WARNING * * *
The ufetubus closely misses you. The ufetubus hits you.
You die...

### #..## ######### #....
####......$###. ##....
###...rr5)........#.....
#.....@@5⌠).......#.....
#.....r../......###.....
##..###.!..!..####.......
#.....#########..........
#......................##
#⌠...................###
#####...........######
############# ####
#.####..#


You could see Eustachio, a river rat, a shadow imp, an ufetubus and 2 quokkas.

Vanquished Creatures
  A hound (D:4)
  A worker ant (D:4)
  3 adders (D:3)
  An ooze (D:1)
  An adder skeleton (D:4)
  3 worms
  2 dart slugs
  2 leopard geckos
  4 orcs (D:3)
  6 bats
  3 giant cockroaches
  A goblin (D:1)
  5 hobgoblins
  4 jackals
  A quokka (D:3)
  A ball python (D:2)
  A jackal skeleton (D:4)
  5 kobolds
  9 rats
54 creatures vanquished.

Notes
Turn   | Place    | Note
-------+----------+-------------------------------------------
     0 | D:1      | Kagorn the Gargoyle Berserker began the quest for the Orb.
     0 | D:1      | Reached XP level 1. HP: 14/14 MP: 1/1
    70 | D:1      | Reached XP level 2. HP: 16/19 MP: 2/2
   628 | D:2      | Reached XP level 3. HP: 17/24 MP: 3/3
  1282 | D:3      | Reached ** piety under Trog
  1351 | D:3      | Reached skill level 1 in Stealth
  1499 | D:3      | Reached skill level 4 in Fighting
  1499 | D:3      | Reached XP level 4. HP: 28/29 MP: 4/4
  1983 | D:3      | Reached skill level 1 in Shields
  2592 | D:4      | Reached XP level 5. HP: 21/33 MP: 5/5
  2787 | D:4      | Noticed Eustachio
  2805 | D:4      | Slain by an ufetubus

Skill      XL: |  1  2  3  4 |
---------------+-------------+-----
Stealth        | 1 |  1.7
Fighting       | 4 |  4.4
Shields        | 1 |  1.3
Dodging        | 2 |  2.0
Maces & Flails | |  3.9
Armour         | |  2.9

Action                   |  1- 3 |  4- 6 || total
-------------------------+-------+-------++-------
Melee: Mace              |    94 |   143 ||   237
Invok: Berserk           |       |     2 ||     2
       Trog's Hand       |       |     2 ||     2
  Use: Scroll            |     2 |       ||     2
       Potion            |       |     1 ||     1
  Eat: Ration            |     1 |     2 ||     3
Armor: Animal skin       |    15 |       ||    15
       Ring mail         |    39 |   127 ||   166
Dodge: Dodged            |    69 |   151 ||   220
       Deflected         |       |     1 ||     1
Block: Buckler           |    12 |    42 ||    54
